 Dungeon Crawl Stone Soup version 0.21.1-1-g345015f (webtiles) character file.

1 shakethe the Chopper (level 1, -2/19 HPs)
             Began as a Naga Gladiator on Feb 14, 2018.
             Slain by a goblin
             ... wielding a +0 dagger
              (4 damage)
             ... on level 1 of the Dungeon.
             The game lasted 00:00:45 (41 turns).

shakethe the Chopper (Naga Gladiator)                 Turns: 41, Time: 00:00:46

Health: -2/19      AC:  2    Str: 16    XL:     1   Next: 20%
Magic:  1/1        EV: 10    Int:  8    God:
Gold:   0          SH:  0    Dex: 12    Spells: 0/0 levels left

rFire    . . .     SeeInvis +   a - +0 war axe
rCold    . . .     Gourm    .   (no shield)
rNeg     . . .     Faith    .   b - +0 leather armour
rPois    +         Spirit   .   c - +0 helmet
rElec    .         Reflect  .   (no cloak)
rCorr    .         Harm     .   (no gloves)
MR       .....                  (no barding)
Stlth    +.........             (no amulet)
HPRegen  0.06/turn              (no ring)
MPRegen  0.07/turn              (no ring)

@: very slow
A: large, see invisible, deformed body, poison resistance, slowness 2, slow
metabolism 1, spit poison 1, AC +0
a: Spit Poison


You were on level 1 of the Dungeon.
You were not hungry.

You visited 1 branch of the dungeon, and saw 1 of its levels.

Inventory:

Hand Weapons
 a - a +0 war axe (weapon)
Missiles
 d - 3 throwing nets {=f, !d}
Armour
 b - a +0 leather armour (worn)
 c - a +0 helmet (worn)
Comestibles
 f - a ration


   Skills:
 + Level 2.0 Fighting
 * Level 3.0 Axes
 - Level 1.7 Throwing
 - Level 2.4 Dodging
 + Level 0.1 Stealth


You couldn't memorise any spells.
You didn't know any spells.

Dungeon Overview and Level Annotations

Branches:
Dungeon (1/15)

Altars:


Innate Abilities, Weirdness & Mutations

You cannot wear boots.
Your serpentine skin is tough. (AC +0)
You have supernaturally acute eyesight. (SInv)
Armour fits poorly on your strangely shaped body.
Your system is resistant to poisons. (rPois)
You cover ground very slowly.
You have a slow metabolism.
You can spit poison.


Message History

Welcome, shakethe the Naga Gladiator.
Will you prevail where others failed? Will you find the Orb of Zot?
Found a staircase leading out of the dungeon.
A ball python comes into view.
The ball python hisses angrily.
The ball python moves out of view.
You hit the ball python but do no damage.
The ball python barely misses you. The ball python closely misses you.
You closely miss the ball python. The ball python bites you.
The ball python bites you but does no damage.
You take 1 damage, and have 18/19 hp.
You closely miss the ball python.
The ball python bites you but does no damage.
You slash the ball python!
You kill the ball python!
Health restored: 19 A kobold comes into view.
It is wielding a short sword.
The kobold shouts!
The kobold throws a stone.
The stone hits you.
You see here a stone.
You take 1 damage, and have 18/19 hp.
The kobold throws a stone.
The stone hits you but does no damage.
Things that are here:
a stone; a ration The kobold throws a stone.
The stone barely misses you.
The kobold throws a stone.
The stone hits you.
You see here 2 stones.
You take 2 damage, and have 16/19 hp.
The kobold throws a stone.
The stone hits you but does no damage.
You see here a stone.
The kobold closely misses you.
You barely miss the kobold. The kobold hits you but does no damage.
You closely miss the kobold. The kobold hits you but does no damage.
The kobold closely misses you.
You completely miss the kobold. The kobold hits you with a short sword.
You take 4 damage, and have 13/19 hp.
MASSIVE DAMAGE!!
You closely miss the kobold. The kobold hits you with a short sword.
You take 4 damage, and have 9/19 hp.
MASSIVE DAMAGE!!
You completely miss the kobold. The kobold completely misses you.
The kobold hits you but does no damage.
You hit the kobold.
You kill the kobold!
Things that are here:
a short sword; a kobold corpse A goblin comes into view.
It is wielding a dagger.
The goblin hits you but does no damage. The goblin hits you with a dagger.
* * * LOW HITPOINT WARNING * * *
You take 4 damage, and have 5/19 hp.
MASSIVE DAMAGE!!
You miss the goblin. The goblin barely misses you.
You closely miss the goblin. The goblin hits you with a dagger.
* * * LOW HITPOINT WARNING * * *
The goblin hits you with a dagger.
* * * LOW HITPOINT WARNING * * *
You take 4 damage, and have 2/19 hp.
MASSIVE DAMAGE!!
You see here a spear.
The goblin barely misses you.
Things that are here:
a stone; a ration You see here a stone.
You hit the goblin. The goblin hits you with a dagger.
You die...

##### ... #.#
#######.##########
.#.........@...#?.#
#..........(g...#.#
.......#.#(......##
.....#.#.#.#..)...#
.... #.#.#.##...[.#
... (⌠#.#⌠.).....#
.#######.#######..#
.......<............
#######.#######..#..#


You could see a goblin.

Vanquished Creatures
  A ball python (D:1)
  A kobold (D:1)
2 creatures vanquished.

Notes
Turn   | Place    | Note
-------+----------+-------------------------------------------
     0 | D:1      | shakethe the Naga Gladiator began the quest for the Orb.
     0 | D:1      | Reached XP level 1. HP: 19/19 MP: 1/1
    36 | D:1      | HP: 4/19 [goblin/dagger (2)]
    41 | D:1      | Slain by a goblin

Action                   || total
-------------------------++-------
Melee: War axe           ||    13
Armor: Leather armour    ||     5
Dodge: Dodged            ||     8

Vault maps used:
D:1:      matt_arrival_grand_opening, tso_metal_star

Table legend:
 A = Turns spent in this place as a percentage of turns spent in the entire game.
 B = Non-inter-level travel turns spent in this place as a percentage of non-inter-level travel turns spent in the entire game.
 C = Inter-level travel turns spent in this place as a percentage of turns spent in this place.
 D = Turns resting spent in this place as a percentage of non-inter-level travel turns spent in this place.
 E = Turns spent auto-exploring this place as a percentage of non-inter-level travel turns spent in this place.
 F = Non-inter-level travel turns spent in this place divided by the number of levels of this place that you've seen.
                   A       B       C       D       E      F
               +-------+-------+-------+-------+-------+----------------------
         Total | 100.0 | 100.0 |   0.0 |   0.0 |   0.0 |  41.0
       Dungeon | 100.0 | 100.0 |   0.0 |   0.0 |   0.0 |  41.0
               +-------+-------+-------+-------+-------+----------------------

Table legend:
 A = Kills in this place as a percentage of kills in entire the game.
 B = Kills by you in this place as a percentage of kills by you in the entire game.
 C = Kills by friends in this place as a percentage of kills by friends in the entire game.
 D = Other kills in this place as a percentage of other kills in the entire game.
 E = Experience gained in this place as a percentage of experience gained in the entire game.
 F = Experience gained in this place divided by the number of levels of this place that you have seen.
                   A       B       C       D       E      F
               +-------+-------+-------+-------+-------+----------------------
         Total | 100.0 | 100.0 |   N/A |   N/A | 100.0 |   2.0
       Dungeon | 100.0 | 100.0 |   N/A |   N/A | 100.0 |   2.0
               +-------+-------+-------+-------+-------+----------------------
